%YAML 1.1
%TAG !u! tag:unity3d.com,2011:
--- !u!1 &1624997191464913774
GameObject:
  m_ObjectHideFlags: 0
  m_CorrespondingSourceObject: {fileID: 0}
  m_PrefabInstance: {fileID: 0}
  m_PrefabAsset: {fileID: 0}
  serializedVersion: 6
  m_Component:
  - component: {fileID: 1624997191464913772}
  - component: {fileID: 1624997191464913775}
  - component: {fileID: 7054999000086235546}
  - component: {fileID: 8488008970213471780}
  m_Layer: 6
  m_Name: CuckoosNest
  m_TagString: Map
  m_Icon: {fileID: 0}
  m_NavMeshLayer: 0
  m_StaticEditorFlags: 0
  m_IsActive: 1
--- !u!4 &1624997191464913772
Transform:
  m_ObjectHideFlags: 0
  m_CorrespondingSourceObject: {fileID: 0}
  m_PrefabInstance: {fileID: 0}
  m_PrefabAsset: {fileID: 0}
  m_GameObject: {fileID: 1624997191464913774}
  m_LocalRotation: {x: -0, y: -0, z: -0, w: 1}
  m_LocalPosition: {x: 0, y: 0, z: 0}
  m_LocalScale: {x: 1, y: 1, z: 1}
  m_Children:
  - {fileID: 844482736942602154}
  m_Father: {fileID: 0}
  m_RootOrder: 0
  m_LocalEulerAnglesHint: {x: 0, y: 0, z: 0}
--- !u!212 &1624997191464913775
SpriteRenderer:
  m_ObjectHideFlags: 0
  m_CorrespondingSourceObject: {fileID: 0}
  m_PrefabInstance: {fileID: 0}
  m_PrefabAsset: {fileID: 0}
  m_GameObject: {fileID: 1624997191464913774}
  m_Enabled: 1
  m_CastShadows: 0
  m_ReceiveShadows: 0
  m_DynamicOccludee: 1
  m_MotionVectors: 1
  m_LightProbeUsage: 1
  m_ReflectionProbeUsage: 1
  m_RayTracingMode: 0
  m_RayTraceProcedural: 0
  m_RenderingLayerMask: 1
  m_RendererPriority: 0
  m_Materials:
  - {fileID: 10754, guid: 0000000000000000f000000000000000, type: 0}
  m_StaticBatchInfo:
    firstSubMesh: 0
    subMeshCount: 0
  m_StaticBatchRoot: {fileID: 0}
  m_ProbeAnchor: {fileID: 0}
  m_LightProbeVolumeOverride: {fileID: 0}
  m_ScaleInLightmap: 1
  m_ReceiveGI: 1
  m_PreserveUVs: 0
  m_IgnoreNormalsForChartDetection: 0
  m_ImportantGI: 0
  m_StitchLightmapSeams: 1
  m_SelectedEditorRenderState: 0
  m_MinimumChartSize: 4
  m_AutoUVMaxDistance: 0.5
  m_AutoUVMaxAngle: 89
  m_LightmapParameters: {fileID: 0}
  m_SortingLayerID: 0
  m_SortingLayer: 0
  m_SortingOrder: 0
  m_Sprite: {fileID: 21300000, guid: 772fa1606b3620a46af6fd7bb13115b1, type: 3}
  m_Color: {r: 1, g: 1, b: 1, a: 1}
  m_FlipX: 0
  m_FlipY: 0
  m_DrawMode: 0
  m_Size: {x: 20, y: 20}
  m_AdaptiveModeThreshold: 0.5
  m_SpriteTileMode: 0
  m_WasSpriteAssigned: 1
  m_MaskInteraction: 0
  m_SpriteSortPoint: 0
--- !u!114 &7054999000086235546
MonoBehaviour:
  m_ObjectHideFlags: 0
  m_CorrespondingSourceObject: {fileID: 0}
  m_PrefabInstance: {fileID: 0}
  m_PrefabAsset: {fileID: 0}
  m_GameObject: {fileID: 1624997191464913774}
  m_Enabled: 1
  m_EditorHideFlags: 0
  m_Script: {fileID: 11500000, guid: f93a0577cde0c6b439297ca6f3a55e89, type: 3}
  m_Name: 
  m_EditorClassIdentifier: 
  allowVerticalMovement: 0
--- !u!60 &8488008970213471780
PolygonCollider2D:
  m_ObjectHideFlags: 0
  m_CorrespondingSourceObject: {fileID: 0}
  m_PrefabInstance: {fileID: 0}
  m_PrefabAsset: {fileID: 0}
  m_GameObject: {fileID: 1624997191464913774}
  m_Enabled: 1
  m_Density: 1
  m_Material: {fileID: 0}
  m_IsTrigger: 0
  m_UsedByEffector: 0
  m_UsedByComposite: 0
  m_Offset: {x: 0, y: 0}
  m_SpriteTilingProperty:
    border: {x: 0, y: 0, z: 0, w: 0}
    pivot: {x: 0.5, y: 0.5}
    oldSize: {x: 44.518517, y: 24.02}
    newSize: {x: 20, y: 20}
    adaptiveTilingThreshold: 0.5
    drawMode: 0
    adaptiveTiling: 0
  m_AutoTiling: 0
  m_Points:
    m_Paths:
    - - {x: -22.215, y: 10.500059}
      - {x: -22.215, y: -10.500059}
      - {x: 22.215, y: -10.500059}
      - {x: 22.215, y: 10.500059}
--- !u!1 &8150011316466408027
GameObject:
  m_ObjectHideFlags: 0
  m_CorrespondingSourceObject: {fileID: 0}
  m_PrefabInstance: {fileID: 0}
  m_PrefabAsset: {fileID: 0}
  serializedVersion: 6
  m_Component:
  - component: {fileID: 844482736942602154}
  - component: {fileID: 4432586489022333891}
  - component: {fileID: 7373491767090836063}
  - component: {fileID: 9190986209167030429}
  m_Layer: 6
  m_Name: SP_Basement
  m_TagString: Clue
  m_Icon: {fileID: 0}
  m_NavMeshLayer: 0
  m_StaticEditorFlags: 0
  m_IsActive: 1
--- !u!4 &844482736942602154
Transform:
  m_ObjectHideFlags: 0
  m_CorrespondingSourceObject: {fileID: 0}
  m_PrefabInstance: {fileID: 0}
  m_PrefabAsset: {fileID: 0}
  m_GameObject: {fileID: 8150011316466408027}
  m_LocalRotation: {x: 0, y: 0, z: 0, w: 1}
  m_LocalPosition: {x: 9, y: 1, z: 0}
  m_LocalScale: {x: 1, y: 1, z: 1}
  m_Children: []
  m_Father: {fileID: 1624997191464913772}
  m_RootOrder: 0
  m_LocalEulerAnglesHint: {x: 0, y: 0, z: 0}
--- !u!61 &4432586489022333891
BoxCollider2D:
  m_ObjectHideFlags: 0
  m_CorrespondingSourceObject: {fileID: 0}
  m_PrefabInstance: {fileID: 0}
  m_PrefabAsset: {fileID: 0}
  m_GameObject: {fileID: 8150011316466408027}
  m_Enabled: 1
  m_Density: 1
  m_Material: {fileID: 0}
  m_IsTrigger: 0
  m_UsedByEffector: 0
  m_UsedByComposite: 0
  m_Offset: {x: -0.09664965, y: 0.072487116}
  m_SpriteTilingProperty:
    border: {x: 0, y: 0, z: 0, w: 0}
    pivot: {x: 0, y: 0}
    oldSize: {x: 0, y: 0}
    newSize: {x: 0, y: 0}
    adaptiveTilingThreshold: 0
    drawMode: 0
    adaptiveTiling: 0
  m_AutoTiling: 0
  serializedVersion: 2
  m_Size: {x: 4.044463, y: 1.3382735}
  m_EdgeRadius: 0
--- !u!114 &7373491767090836063
MonoBehaviour:
  m_ObjectHideFlags: 0
  m_CorrespondingSourceObject: {fileID: 0}
  m_PrefabInstance: {fileID: 0}
  m_PrefabAsset: {fileID: 0}
  m_GameObject: {fileID: 8150011316466408027}
  m_Enabled: 1
  m_EditorHideFlags: 0
  m_Script: {fileID: 11500000, guid: 431a82a0b0ddeaa4385a36d1e2bb6adc, type: 3}
  m_Name: 
  m_EditorClassIdentifier: 
  setupsPerRound:
  - roundIndex: 3
    assignedClues:
    - {fileID: 11400000, guid: b4d69a9ab5e73be438c58f72b5b490cb, type: 2}
    - {fileID: 11400000, guid: 116168ba336aeb048bda10ea2fe7ff88, type: 2}
    - {fileID: 11400000, guid: 9fb3935feeb88ff4cbcd831ffed70700, type: 2}
    - {fileID: 11400000, guid: 5e3636354d6aa4a499bd475efa60fc13, type: 2}
    - {fileID: 11400000, guid: 058c75a416c59ce429518985384a94c3, type: 2}
    - {fileID: 11400000, guid: 67b695f7ee63192438f5ed2b4093d069, type: 2}
    - {fileID: 11400000, guid: 907ebe15362cddf47a7db8db1eaa53de, type: 2}
    - {fileID: 11400000, guid: fd64f5ecb848343409e043af43cebfba, type: 2}
    - {fileID: 11400000, guid: 46901df384fc33746a0c0eb62b190a0c, type: 2}
    - {fileID: 11400000, guid: 12bc57f6e60df3a419fbe9054dca23b5, type: 2}
    - {fileID: 11400000, guid: 77824f8cf1d2aff4fa7bcfcd9c705e65, type: 2}
    - {fileID: 11400000, guid: dbac5fd2d06ae184eb6eac3674e84bbe, type: 2}
  placeName: Basement
  image: {fileID: 21300000, guid: bccdcba94c5c9b84992ec168846edfe4, type: 3}
  vcSuffix: basement_
  roomMapPrefab: {fileID: 1624997191464913775, guid: a65a294eeab25a14198f2b67c753d82e,
    type: 3}
--- !u!114 &9190986209167030429
MonoBehaviour:
  m_ObjectHideFlags: 0
  m_CorrespondingSourceObject: {fileID: 0}
  m_PrefabInstance: {fileID: 0}
  m_PrefabAsset: {fileID: 0}
  m_GameObject: {fileID: 8150011316466408027}
  m_Enabled: 1
  m_EditorHideFlags: 0
  m_Script: {fileID: 11500000, guid: aba7fc99f8894a4fb8deecd2dabe2ef7, type: 3}
  m_Name: 
  m_EditorClassIdentifier: 
